Map: Pylon LE

Players

ilikebananas

  • Race: Zerg Zerg
  • League: Diamond
  • Spawn Location: 11:00

PakOr - Winner!

  • Race: Zerg Zerg
  • League: Diamond
  • Spawn Location: 5:00

VOD

Have the link to the VOD?

Description

Time

  • Played on: Sept. 10, 2025, 5:39 p.m.
  • Length: 17:17
Show
View Real Time Build Order
Export as new Build Order

ilikebananas Zerg 

Build Orders: Pool First, Lurkers, Roach Hydra 

Get SALT Encoding   

  12  0:01  Drone  
  13  0:12  Overlord  
  13  0:19  Drone  
  14  0:32  Drone x2  
  16  0:44  Spawning Pool  
  16  0:46  Drone  
  16  0:49  Drone  
  17  1:10  Hatchery  
  16  1:13  Drone  
  17  1:30  Extractor  
  17  1:31  Zergling x6  
  19  1:35  Queen  
  21  1:42  Overlord  
  21  1:53  Drone  
  22  2:03  Drone  
  23  2:11  Queen  
  25  2:16  Drone  
  26  2:23  Drone  
  27  2:30  Drone  
  27  2:34  Drone  
  29  2:38  Drone  
  29  2:44  Drone x4  
  34  2:53  Overlord  
  34  2:54  Baneling Nest  
  33  3:05  Drone  
  34  3:06  Drone  
  35  3:12  Hatchery  
  35  3:13  Metabolic Boost  
  34  3:23  Drone x5  
  34  3:25  Drone  
  40  3:37  Baneling x2  
  40  3:39  Drone  
  40  3:40  Overlord  
  41  3:45  Drone x3  
  44  4:02  Evolution Chamber  
  43  4:07  Roach Warren, Drone  
  43  4:08  Extractor, Drone x3  
  45  4:11  Lair  
  45  4:13  Zergling x8  
  49  4:24  Queen  
  51  4:35  Drone x5  
  51  4:36  Drone x2  
  58  4:45  Overlord  
  58  4:51  Zerg Missile Weapons Level 1  
  57  4:54  Overlord  
  57  5:02  Overlord x5  
  57  5:03  Overlord  
  58  5:07  Drone x3  
  58  5:09  Extractor  
  58  5:10  Overseer  
  58  5:12  Glial Reconstitution  
  59  5:16  Drone  
  60  5:29  Roach  
  60  5:30  Roach x4  
  70  5:45  Roach x3  
  70  5:48  Overlord x2  
  70  5:49  Overlord x3  
  76  6:02  Overlord  
  76  6:03  Overlord x2  
  76  6:05  Roach  
  76  6:06  Roach x4  
  76  6:11  Roach  
  88  6:14  Extractor  
  88  6:16  Drone x2  
  89  6:21  Drone  
  89  6:24  Evolution Chamber  
  89  6:30  Roach  
  89  6:31  Roach x7  
  105  6:33  Overlord  
  105  6:34  Overlord  
  105  6:38  Drone  
  106  6:47  Zerg Missile Weapons Level 2  
  106  6:48  Zergling x2  
  106  6:49  Zergling x4  
  109  6:55  Extractor, Drone x3  
  111  7:01  Baneling  
  111  7:04  Baneling x4  
  111  7:05  Baneling  
  111  7:06  Zergling x18  
  120  7:13  Centrifugal Hooks  
  120  7:16  Baneling  
  120  7:17  Baneling  
  119  7:24  Roach  
  119  7:25  Roach x3, Zergling x2  
  119  7:26  Zergling x12  
  122  7:37  Drone x2  
  122  7:44  Drone  
  125  7:45  Extractor, Hydralisk Den  
  125  7:47  Baneling  
  125  7:48  Baneling x7  
  123  7:52  Hatchery, Drone x3  
  123  7:53  Drone  
  111  8:19  Roach x3  
  126  8:20  Roach x8  
  120  8:30  Grooved Spines  
  114  8:35  Roach  
  114  8:36  Roach x5, Zergling x2  
  107  8:51  Roach  
  107  8:52  Roach x2  
  107  8:54  Ravager x4  
  107  8:56  Zergling x2  
  107  8:58  Baneling x2  
  108  9:06  Zergling x10  
  108  9:07  Zergling x8  
  108  9:09  Queen  
  119  9:12  Hydralisk x2  
  119  9:16  Lurker Den  
  122  9:17  Overseer  
  122  9:20  Hydralisk x2  
  122  9:21  Muscular Augments  
  122  9:22  Zergling x2  
  127  9:31  Hydralisk  
  127  9:32  Hydralisk x2  
  130  9:46  Hydralisk x4  
  130  9:47  Hydralisk  
  130  9:48  Zergling x2  
  139  9:55  Zerg Ground Armor Level 1  
  139  10:05  Drone x9  
  139  10:06  Drone  
  149  10:07  Drone  
  149  10:09  Drone  
  151  10:17  Lurker x3  
  151  10:18  Lurker  
  155  10:21  Zergling x2  
  155  10:22  Zergling x8  
  155  10:27  Infestation Pit  
  159  10:33  Extractor  
  159  10:34  Extractor  
  159  10:35  Lurker  
  158  10:49  Lurker x3  
  156  11:07  Hydralisk x5  
  156  11:08  Hydralisk  
  156  11:09  Zergling x20  
  156  11:10  Zergling x16  
  184  11:22  Overlord x3  
  184  11:23  Overlord x3  
  184  11:40  Overlord x2  
  184  11:41  Overlord  
  184  11:46  Overseer x5  
  184  11:50  Spire  
  183  12:02  Hive  
  183  12:07  Lurker x5  
  188  12:08  Lurker  
  188  12:10  Zergling x2  
  188  12:11  Zergling x18  
  188  12:12  Zergling x2  
  200  12:19  Zerg Ground Armor Level 2  
  200  12:27  Pneumatized Carapace  
  197  12:42  Ravager  
  197  12:43  Ravager x5  
  188  12:46  Ravager  
  157  13:09  Corruptor x5  
  157  13:11  Zergling x2  
  157  13:12  Zergling x34  
  176  13:21  Ravager x3  
  176  13:23  Ravager  
  176  13:24  Overseer  
  180  13:30  Greater Spire  
  157  14:00  Roach  
  157  14:01  Roach x16  
  162  14:07  Hydralisk  
  158  14:15  Hydralisk  
  158  14:16  Hydralisk x7  
  174  14:18  Zergling x2  
  175  14:41  Brood Lord x4  
  175  14:45  Brood Lord  
  185  14:56  Corruptor x2  
  185  14:58  Corruptor, Zergling x2  
  185  14:59  Zergling x8  
  196  15:14  Corruptor  
  196  15:16  Zergling x2  
  196  15:19  Extractor  
  196  15:20  Hatchery  
  197  15:24  Extractor  
  194  15:38  Corruptor  
  194  15:39  Corruptor  
  198  15:58  Zergling x2  
  187  16:29  Corruptor x2  
  187  16:30  Corruptor x6  
  199  16:34  Lurker  
Show
View Real Time Build Order
Export as new Build Order

PakOr Zerg - Winner!

Build Orders: Hatch First, Lurkers 

Get SALT Encoding   

  12  0:28  Hatchery  
  12  0:29  Drone  
  12  0:33  Drone  
  13  0:38  Drone  
  14  0:56  Spawning Pool  
  13  0:59  Drone  
  14  1:05  Extractor, Drone  
  14  1:12  Extractor, Drone  
  14  1:18  Overlord  
  16  1:27  Overlord  
  16  1:37  Drone  
  17  1:40  Drone  
  17  1:44  Queen  
  20  1:48  Drone  
  21  1:55  Spine Crawler  
  21  1:57  Drone  
  21  2:00  Zergling x2  
  22  2:03  Zergling x2  
  22  2:08  Zergling x2  
  24  2:17  Zergling x4  
  26  2:26  Drone  
  27  2:33  Overlord  
  27  2:40  Drone x2  
  29  2:48  Evolution Chamber  
  28  2:51  Evolution Chamber  
  28  2:53  Spine Crawler  
  28  2:55  Drone x2  
  28  3:03  Drone x2  
  30  3:10  Drone x2  
  32  3:18  Drone  
  32  3:19  Queen  
  35  3:22  Overlord  
  35  3:31  Extractor, Queen  
  36  3:36  Overlord  
  36  3:37  Overlord  
  36  3:41  Drone  
  36  3:43  Drone x2  
  36  3:44  Drone  
  40  3:52  Drone  
  40  3:53  Drone  
  42  4:03  Drone  
  42  4:04  Hatchery, Drone  
  43  4:11  Drone x2  
  43  4:12  Drone  
  46  4:21  Extractor  
  46  4:22  Drone x3  
  48  4:33  Drone  
  48  4:34  Extractor, Overlord  
  48  4:41  Drone  
  48  4:42  Drone  
  48  4:45  Drone x2  
  52  4:46  Extractor  
  52  4:50  Drone x2  
  53  4:54  Hatchery  
  52  5:00  Overlord  
  52  5:03  Overlord  
  52  5:08  Drone  
  52  5:09  Drone x2  
  55  5:16  Drone  
  55  5:19  Lair  
  55  5:20  Pneumatized Carapace  
  56  5:21  Metabolic Boost  
  56  5:30  Overlord x2  
  56  5:31  Roach Warren, Overlord x2  
  56  5:34  Zergling x6  
  56  5:35  Zergling x2  
  59  5:37  Zergling x2  
  59  5:40  Zerg Missile Weapons Level 1  
  60  5:45  Zerg Ground Armor Level 1  
  60  6:00  Zergling x2  
  60  6:01  Zergling x18  
  70  6:06  Baneling Nest  
  70  6:07  Drone  
  70  6:18  Queen  
  72  6:32  Zergling x2  
  73  6:33  Zergling x24  
  85  6:40  Hydralisk Den  
  85  6:41  Drone  
  85  6:42  Drone  
  85  6:43  Infestation Pit  
  85  6:49  Queen  
  85  6:54  Baneling x2  
  87  6:55  Baneling x3  
  87  6:56  Baneling x4  
  79  7:33  Hydralisk x2  
  79  7:34  Hydralisk x6  
  79  7:35  Hydralisk x4  
  78  7:45  Roach x4  
  86  7:52  Hive  
  86  7:56  Roach  
  86  7:57  Roach  
  82  8:13  Roach x6  
  82  8:14  Roach  
  86  8:29  Roach x6  
  79  8:42  Roach x5  
  79  8:46  Drone x2  
  77  8:48  Drone  
  77  8:52  Drone  
  78  9:08  Drone x2  
  80  9:12  Drone, Lurker Den  
  80  9:14  Grooved Spines  
  80  9:19  Hydralisk  
  80  9:21  Drone  
  80  9:22  Drone x2  
  80  9:24  Drone x2  
  86  9:29  Hydralisk  
  89  9:32  Spore Crawler  
  89  9:33  Overseer  
  88  10:02  Hydralisk x5  
  88  10:06  Queen  
  100  10:12  Lurker  
  101  10:23  Lurker  
  101  10:27  Lurker  
  103  10:36  Lurker  
  100  11:03  Ravager x2  
  100  11:04  Ravager x2  
  104  11:11  Ravager  
  105  11:12  Overlord x3  
  105  11:17  Spore Crawler  
  104  11:21  Spore Crawler  
  104  11:24  Overseer x2  
  103  11:34  Seismic Spines  
  103  11:35  Zergling x24  
  103  11:36  Zergling x14  
  122  12:05  Drone x3  
  122  12:06  Drone x12  
  137  12:10  Hatchery  
  136  12:17  Drone  
  136  12:18  Spore Crawler  
  136  12:19  Spore Crawler  
  135  12:27  Spine Crawler, Lurker  
  135  12:28  Lurker  
  131  12:41  Overseer  
  131  12:54  Hatchery  
  125  13:10  Overseer  
  121  13:13  Drone  
  121  13:14  Drone x11  
  121  13:18  Adaptive Talons  
  133  13:31  Hydralisk  
  135  13:47  Overlord x5  
  127  14:07  Extractor  
  127  14:09  Extractor, Spore Crawler  
  121  14:10  Lurker, Spore Crawler  
  121  14:11  Lurker x4  
  121  14:15  Overlord x3  
  120  14:27  Drone x3  
  123  14:37  Spine Crawler  
  122  14:43  Hatchery  
  121  14:46  Queen  
  121  14:52  Spore Crawler, Viper x2  
  125  14:54  Viper  
  125  14:55  Spore Crawler  
  125  14:57  Viper  
  133  15:01  Viper  
  136  15:10  Ravager  
  136  15:11  Ravager x3  
  136  15:13  Ravager  
  141  15:14  Ravager  
  142  15:25  Spine Crawler x2  
  142  15:27  Spine Crawler  
  139  15:44  Hydralisk x6  
  139  15:45  Hydralisk  
  147  15:58  Hydralisk x3  
  153  16:17  Spore Crawler  
  153  16:18  Spore Crawler x2  
  147  16:22  Spire  
  146  16:35  Drone x3  
  146  16:36  Drone x4  
  153  16:45  Spore Crawler  
  153  16:46  Spore Crawler  
  151  16:47  Spore Crawler  
  150  16:56  Overseer  
Tags
 
Add a new tag
Caveats
  • Supply blocks, unpowered buildings, or Contaminate may cause inaccurate times.
  • Supply counts are checked every 10 seconds.